General information
- name: BNet
- type: Ladder team game (AT/RT)
- host: Battle.net
- saver: sc2no.wc4yes
map: DragonFalls
- players: 8
- length: 56:48
- speed: Fast
- version: 1.24 W3XP
- replay type: Public
» download(272 KB)
Players
team 1 (loser)
NasTyNate420 (
pink | 36 APM | 2003 actions | 56:13)
6 Death Knight
3 Death Coil
2 Unholy Aura
1 Animate Dead
6 Dark Ranger
2 Life Drain
2 Black Arrow
1 Silence
1 Charm
2 Mountain King
1 Storm Bolt
1 Bash
1 Paladin
1 Resurrection
» actions
| Assign group hotkey | 16 | |
| Basic commands | 111 | |
| Build / train | 52 | |
| Enter build submenu | 22 | |
| Enter hero's abilities submenu | 15 | |
| Give item / drop item | 3 | |
| Remove unit from queue | 1 | |
| Right click | 1062 | |
| Select / deselect | 470 | |
| Select group hotkey | 133 | |
| Use ability | 118 | |
2003 total
» units
| Acolyte | 7 | |
| Ghoul | 3 | |
| Crypt Fiend | 8 | |
18 total
» upgrades
| Creature Attack | 2 | |
| Creature Carapace | 1 | |
| Web | 1 | |
4 total
» buildings
| Crypt | 1 | |
| Graveyard | 1 | |
| Ziggurat | 7 | |
| Altar of Darkness | 1 | |
| Nerubian Tower | 1 | |
| Tomb of Relics | 1 | |
| Halls of the Dead | 1 | |
| Black Citadel | 1 | |
| Sacrificial Pit | 1 | |
| Necropolis | 1 | |
| Boneyard | 2 | |
| Spirit Tower | 3 | |
21 total
» build order
00:12 Crypt
00:41 Graveyard
00:48 Ziggurat
01:07 Altar of Darkness
01:40 Ziggurat
01:52 Nerubian Tower
02:28 Tomb of Relics
02:58 Ziggurat
04:52 Halls of the Dead
08:15 Ziggurat
08:31 Ziggurat
09:12 Black Citadel
10:49 Sacrificial Pit
10:57 Necropolis
10:59 Ziggurat
11:02 Ziggurat
12:02 Boneyard
12:09 Spirit Tower
12:11 Spirit Tower
12:19 Boneyard
13:11 Spirit Tower
» items
| Rod of Necromancy | 3 | |
| Potion of Healing | 1 | |
| Potion of Mana | 1 | |
5 total
Arch.EnEmY (
green | 48 APM | 884 actions | 18:18)
4 Paladin
2 Divine Shield
2 Holy Light
» actions
| Assign group hotkey | 5 | |
| Basic commands | 5 | |
| Build / train | 51 | |
| Enter build submenu | 24 | |
| Enter hero's abilities submenu | 4 | |
| Remove unit from queue | 4 | |
| Right click | 348 | |
| Select / deselect | 193 | |
| Select group hotkey | 212 | |
| Use ability | 37 | |
884 total
» units
| Peasant | 16 | |
| Mortar Team | 3 | |
| Siege Engine | 7 | |
26 total
» upgrades
| Lumber Harvesting | 1 | |
| Gunpowder | 2 | |
| Barrage | 1 | |
| Plating | 1 | |
| Masonry | 1 | |
6 total
» buildings
| Altar of Kings | 1 | |
| Farm | 11 | |
| Keep | 2 | |
| Lumber Mill | 1 | |
| Arcane Vault | 1 | |
| Town Hall | 1 | |
| Blacksmith | 1 | |
| Castle | 1 | |
| Workshop | 2 | |
| Scout Tower | 7 | |
| Guard Tower | 3 | |
31 total
» build order
00:14 Altar of Kings
00:16 Farm
00:42 Farm
02:27 Farm
03:36 Keep
03:52 Lumber Mill
04:00 Arcane Vault
04:41 Town Hall
05:29 Farm
06:14 Blacksmith
06:16 Castle
07:33 Workshop
07:36 Workshop
08:47 Farm
08:48 Farm
08:51 Farm
10:34 Scout Tower
10:35 Scout Tower
10:42 Scout Tower
10:46 Scout Tower
11:02 Farm
11:07 Scout Tower
11:12 Guard Tower
12:29 Guard Tower
12:41 Farm
13:43 Scout Tower
13:44 Scout Tower
15:29 Farm
15:31 Farm
15:53 Guard Tower
» items
| Scroll of Regeneration | 2 | |
| Scroll of Town Portal | 2 | |
4 total

»
sisyphus. (
orange | 29 APM | 1616 actions | 56:28)
6 Crypt Lord
2 Impale
3 Spiked Carapace
1 Locust Swarm
5 Death Knight
3 Death Coil
2 Unholy Aura
1 Paladin
1 Holy Light
» actions
| Assign group hotkey | 33 | |
| Basic commands | 13 | |
| Build / train | 81 | |
| Enter build submenu | 31 | |
| Enter hero's abilities submenu | 12 | |
| Give item / drop item | 3 | |
| Remove unit from queue | 1 | |
| Right click | 617 | |
| Select / deselect | 282 | |
| Select group hotkey | 442 | |
| Use ability | 101 | |
1616 total
» units
| Acolyte | 11 | |
| Ghoul | 4 | |
| Crypt Fiend | 15 | |
| Frost Wyrm | 14 | |
44 total
» upgrades
| Creature Attack | 3 | |
| Web | 1 | |
| Freezing Breath | 1 | |
| Creature Carapace | 2 | |
7 total
» buildings
| Altar of Darkness | 2 | |
| Ziggurat | 14 | |
| Crypt | 1 | |
| Tomb of Relics | 1 | |
| Graveyard | 1 | |
| Nerubian Tower | 2 | |
| Halls of the Dead | 1 | |
| Black Citadel | 1 | |
| Sacrificial Pit | 1 | |
| Necropolis | 2 | |
| Boneyard | 2 | |
| Spirit Tower | 4 | |
32 total
» build order
00:20 Altar of Darkness
00:30 Altar of Darkness
00:34 Ziggurat
00:45 Crypt
01:08 Tomb of Relics
01:28 Graveyard
01:38 Nerubian Tower
02:18 Ziggurat
03:46 Halls of the Dead
04:29 Ziggurat
07:10 Black Citadel
07:18 Sacrificial Pit
07:31 Ziggurat
08:22 Necropolis
09:36 Boneyard
09:49 Boneyard
10:38 Spirit Tower
12:11 Ziggurat
12:17 Ziggurat
12:20 Ziggurat
12:26 Ziggurat
13:04 Spirit Tower
13:09 Spirit Tower
13:12 Spirit Tower
14:59 Nerubian Tower
25:35 Ziggurat
25:56 Ziggurat
28:18 Ziggurat
28:22 Ziggurat
33:36 Necropolis
34:42 Ziggurat
34:44 Ziggurat
» items
| Rod of Necromancy | 2 | |
| Potion of Lesser Invulnerability | 1 | |
| Scroll of Protection | 1 | |
| Scroll of Town Portal | 3 | |
7 total
Master34Craft (
red | 26 APM | 1476 actions | 56:43)
5 Demon Hunter
2 Immolation
2 Evasion
1 Mana Burn
4 Priestess of the Moon
2 Searing Arrows
2 Trueshot Aura
» actions
| Basic commands | 1 | |
| Build / train | 79 | |
| Enter build submenu | 34 | |
| Enter hero's abilities submenu | 10 | |
| Give item / drop item | 1 | |
| Right click | 833 | |
| Select / deselect | 450 | |
| Use ability | 68 | |
1476 total
» units
| Wisp | 36 | |
| Huntress | 8 | |
| Druid of the Claw | 1 | |
| Dryad | 11 | |
56 total
» upgrades
| Ultravision | 1 | |
| Backpack | 1 | |
| Strength of the Moon | 2 | |
| Strength of the Wild | 2 | |
| Abolish Magic | 1 | |
| Druid of the Claw Training | 1 | |
8 total
» buildings
| Moon Well | 8 | |
| Altar of Elders | 1 | |
| Ancient of War | 2 | |
| Hunter's Hall | 2 | |
| Ancient of Wonders | 1 | |
| Ancient Protector | 15 | |
| Tree of Ages | 1 | |
| Ancient of Lore | 2 | |
| Tree of Eternity | 1 | |
33 total
» build order
00:56 Moon Well
01:01 Moon Well
01:11 Altar of Elders
01:58 Moon Well
02:13 Ancient of War
02:24 Hunter's Hall
02:35 Hunter's Hall
03:35 Ancient of War
03:42 Ancient of Wonders
04:19 Moon Well
04:48 Ancient Protector
05:10 Ancient Protector
05:22 Ancient Protector
05:42 Ancient Protector
07:19 Tree of Ages
07:40 Moon Well
09:05 Moon Well
10:11 Ancient of Lore
10:20 Ancient of Lore
10:59 Ancient Protector
11:13 Ancient Protector
11:37 Ancient Protector
12:04 Ancient Protector
12:27 Ancient Protector
16:02 Ancient Protector
16:10 Ancient Protector
16:37 Ancient Protector
17:17 Ancient Protector
17:40 Moon Well
19:19 Moon Well
20:03 Ancient Protector
20:44 Tree of Eternity
21:32 Ancient Protector
» items
team 2 (winner)

»
Littleguy (
teal | 32 APM | 1404 actions | 43:43)
5 Archmage
3 Summon Water Elemental
2 Brilliance Aura
3 Paladin
2 Holy Light
1 Devotion Aura
» actions
| Assign group hotkey | 14 | |
| Basic commands | 83 | |
| Build / train | 92 | |
| ESC pressed | 1 | |
| Enter build submenu | 51 | |
| Enter hero's abilities submenu | 9 | |
| Remove unit from queue | 1 | |
| Right click | 471 | |
| Select / deselect | 517 | |
| Select group hotkey | 66 | |
| Use ability | 99 | |
1404 total
» units
| Peasant | 24 | |
| Footman | 3 | |
| Rifleman | 3 | |
| Priest | 3 | |
| Gryphon Rider | 5 | |
| Knight | 16 | |
| Mortar Team | 2 | |
| Dragonhawk Rider | 1 | |
57 total
» upgrades
| Gunpowder | 1 | |
| Armor | 1 | |
| Lumber Harvesting | 2 | |
| Animal War Training | 1 | |
| Plating | 3 | |
| Swords | 2 | |
| Storm Hammers | 1 | |
11 total
» buildings
| Altar of Kings | 3 | |
| Farm | 19 | |
| Barracks | 2 | |
| Scout Tower | 8 | |
| Arcane Tower | 3 | |
| Blacksmith | 1 | |
| Arcane Vault | 1 | |
| Keep | 1 | |
| Lumber Mill | 2 | |
| Town Hall | 3 | |
| Castle | 1 | |
| Arcane Sanctum | 1 | |
| Guard Tower | 5 | |
| Gryphon Aviary | 2 | |
| Workshop | 1 | |
53 total
» build order
00:03 Altar of Kings
00:24 Farm
01:05 Farm
01:47 Barracks
01:56 Farm
02:01 Scout Tower
02:32 Arcane Tower
02:55 Farm
03:05 Blacksmith
03:34 Farm
03:48 Arcane Vault
04:17 Farm
04:39 Keep
05:08 Lumber Mill
05:30 Farm
06:51 Farm
07:28 Town Hall
07:33 Scout Tower
07:35 Scout Tower
07:37 Scout Tower
07:41 Farm
07:43 Castle
08:29 Arcane Sanctum
08:35 Guard Tower
08:36 Arcane Tower
08:39 Scout Tower
08:42 Scout Tower
08:46 Scout Tower
10:00 Gryphon Aviary
10:36 Gryphon Aviary
11:33 Guard Tower
11:35 Arcane Tower
11:40 Guard Tower
11:45 Farm
12:57 Guard Tower
15:08 Barracks
17:14 Scout Tower
18:39 Farm
19:29 Guard Tower
19:57 Farm
20:51 Farm
23:32 Town Hall
23:41 Workshop
28:06 Lumber Mill
30:20 Altar of Kings
30:24 Farm
30:27 Farm
31:07 Farm
31:10 Farm
32:53 Town Hall
37:14 Altar of Kings
38:21 Farm
39:03 Farm
sc2no.wc4yes (
yellow | 96 APM | 5448 actions | 56:48)
10 Death Knight
3 Death Coil
3 Unholy Aura
1 Animate Dead
3 Death Pact
» actions
| Assign group hotkey | 191 | |
| Basic commands | 76 | |
| Build / train | 134 | |
| ESC pressed | 8 | |
| Enter build submenu | 78 | |
| Enter hero's abilities submenu | 10 | |
| Give item / drop item | 1 | |
| Right click | 2059 | |
| Select / deselect | 447 | |
| Select group hotkey | 2228 | |
| Use ability | 216 | |
5448 total
» units
| Acolyte | 47 | |
| Ghoul | 9 | |
| Gargoyle | 18 | |
| Goblin Shredder | 4 | |
| Goblin Zeppelin | 2 | |
| Meatwagon | 6 | |
86 total
» upgrades
| Creature Attack | 3 | |
| Creature Carapace | 3 | |
| Stone Form | 1 | |
7 total
» buildings
| Crypt | 16 | |
| Ziggurat | 25 | |
| Altar of Darkness | 4 | |
| Halls of the Dead | 8 | |
| Necropolis | 18 | |
| Graveyard | 4 | |
| Black Citadel | 3 | |
| Nerubian Tower | 2 | |
| Spirit Tower | 1 | |
| Slaughterhouse | 2 | |
83 total
» build order
00:13 Crypt
00:15 Ziggurat
00:36 Altar of Darkness
01:01 Ziggurat
03:16 Halls of the Dead
03:16 Halls of the Dead
04:11 Necropolis
04:23 Graveyard
04:52 Crypt
05:12 Ziggurat
05:37 Ziggurat
05:54 Black Citadel
07:12 Ziggurat
07:13 Ziggurat
09:12 Crypt
09:12 Crypt
10:10 Nerubian Tower
11:05 Spirit Tower
15:19 Halls of the Dead
18:00 Necropolis
18:03 Ziggurat
18:04 Ziggurat
18:04 Ziggurat
18:05 Ziggurat
18:05 Altar of Darkness
19:55 Black Citadel
19:59 Necropolis
22:16 Crypt
22:17 Crypt
22:18 Crypt
22:18 Crypt
22:21 Graveyard
26:19 Necropolis
26:33 Ziggurat
26:33 Ziggurat
26:36 Necropolis
31:05 Necropolis
31:39 Halls of the Dead
31:41 Ziggurat
31:42 Ziggurat
32:17 Necropolis
33:28 Necropolis
34:15 Halls of the Dead
34:44 Necropolis
35:39 Crypt
35:40 Crypt
35:40 Crypt
35:41 Crypt
37:01 Necropolis
37:04 Halls of the Dead
37:07 Ziggurat
37:08 Altar of Darkness
37:09 Ziggurat
37:14 Halls of the Dead
37:15 Graveyard
37:17 Altar of Darkness
38:46 Black Citadel
39:51 Halls of the Dead
41:31 Necropolis
42:22 Ziggurat
42:23 Ziggurat
42:23 Ziggurat
43:05 Necropolis
43:35 Necropolis
43:39 Necropolis
45:07 Graveyard
46:08 Nerubian Tower
46:27 Necropolis
46:31 Necropolis
46:44 Slaughterhouse
47:02 Necropolis
47:03 Necropolis
47:05 Ziggurat
47:05 Ziggurat
49:53 Slaughterhouse
49:55 Ziggurat
49:55 Ziggurat
52:33 Crypt
52:33 Crypt
52:34 Crypt
52:34 Crypt
» items
| Boots of Speed | 1 | |
| Scroll of Protection | 5 | |
| Scroll of Healing | 5 | |
| Scroll of Town Portal | 3 | |
14 total

»
obliterate (
blue | 27 APM | 439 actions | 16:01)
2 Blood Mage
1 Flame Strike
1 Siphon Mana
» actions
| Build / train | 47 | |
| Enter build submenu | 17 | |
| Enter hero's abilities submenu | 2 | |
| Remove unit from queue | 2 | |
| Right click | 148 | |
| Select / deselect | 203 | |
| Use ability | 20 | |
439 total
» units
» upgrades
| Gunpowder | 3 | |
| Lumber Harvesting | 2 | |
| Armor | 2 | |
| Flak Cannons | 1 | |
| Flying Machine Bombs | 1 | |
| Plating | 1 | |
| Fragmentation Shards | 0 | |
10 total
» buildings
| Farm | 10 | |
| Altar of Kings | 1 | |
| Keep | 1 | |
| Lumber Mill | 2 | |
| Blacksmith | 1 | |
| Workshop | 2 | |
| Arcane Vault | 1 | |
| Castle | 1 | |
19 total
» build order
00:22 Farm
00:36 Altar of Kings
00:59 Farm
02:09 Keep
02:24 Lumber Mill
02:30 Lumber Mill
02:43 Blacksmith
04:29 Farm
04:35 Workshop
04:43 Workshop
05:25 Arcane Vault
05:57 Castle
06:59 Farm
07:38 Farm
08:29 Farm
09:13 Farm
10:25 Farm
11:10 Farm
12:23 Farm
ghostgoblin21 (
purple | 22 APM | 1258 actions | 56:44)
6 Goblin Alchemist
2 Healing Spray
3 Chemical Rage
1 Transmute
» actions
| Basic commands | 26 | |
| Build / train | 111 | |
| Enter build submenu | 33 | |
| Enter hero's abilities submenu | 6 | |
| Remove unit from queue | 1 | |
| Right click | 548 | |
| Select / deselect | 434 | |
| Use ability | 99 | |
1258 total
» units
| Peon | 26 | |
| Troll Headhunter/Berserker | 22 | |
| Troll Witch Doctor | 3 | |
| Grunt | 16 | |
| Demolisher | 1 | |
| Shaman | 15 | |
| Tauren | 7 | |
90 total
» upgrades
| Ranged Weapons | 3 | |
| Troll Regeneration | 1 | |
| Berserker Upgrade | 1 | |
| Witch Doctor Training | 2 | |
| Berserker Strength | 1 | |
| Shaman Training | 2 | |
10 total
» buildings
| Altar of Storms | 2 | |
| Orc Burrow | 13 | |
| Barracks | 3 | |
| War Mill | 2 | |
| Stronghold | 1 | |
| Fortress | 1 | |
| Spirit Lodge | 4 | |
| Voodoo Lounge | 1 | |
| Great Hall | 4 | |
| Tauren Totem | 2 | |
33 total
» build order
00:08 Altar of Storms
00:14 Orc Burrow
00:40 Barracks
01:32 War Mill
02:49 Stronghold
04:48 Orc Burrow
04:56 Orc Burrow
05:29 Fortress
06:55 Orc Burrow
08:18 Orc Burrow
09:17 Spirit Lodge
09:24 Voodoo Lounge
11:18 Barracks
12:29 Great Hall
20:29 Spirit Lodge
20:48 Orc Burrow
23:58 Spirit Lodge
24:01 Tauren Totem
24:28 Tauren Totem
31:17 Orc Burrow
33:03 Orc Burrow
34:05 Orc Burrow
34:52 Great Hall
35:44 Great Hall
40:31 Barracks
40:36 Spirit Lodge
44:10 Orc Burrow
44:19 Orc Burrow
45:10 Orc Burrow
46:05 Orc Burrow
51:39 Altar of Storms
52:23 Great Hall
53:43 War Mill
» items
Chat log
(00:05 / All) sc2no.wc4yes: granny smith apples
(00:23 / Allies) ghostgoblin21: ther good
(00:46 / Allies) ghostgoblin21: headhunts and docs
(00:48 / All) sc2no.wc4yes: plum pudding
(00:55 / Allies) ghostgoblin21: also good
(01:03 / All) sc2no.wc4yes: cat hair
(01:08 / All) sc2no.wc4yes: WHOOPS
(01:10 / All) sc2no.wc4yes: i meant apple pie
(05:05 / Allies) sc2no.wc4yes: our heros kiss
(05:07 / Allies) sc2no.wc4yes: *smooch*
(05:14 / Allies) obliterate: lol
(06:02 / Allies) Littleguy: shit
(06:07 / Allies) Littleguy: grap the tom
(09:52 / Allies) ghostgoblin21: attack?
(10:10 / Allies) Littleguy: anyone got lumber?
(11:28 / All) Arch.EnEmY: fagless
(12:33 / Allies) ghostgoblin21: thx
(12:58 / All) Arch.EnEmY: this fag
(13:08 / All) Arch.EnEmY: fuk u
(13:10 / All) Arch.EnEmY: asshole
(13:12 / Allies) sc2no.wc4yes: guess we lost
(13:12 / Allies) sc2no.wc4yes: gg
(13:43 / All) sc2no.wc4yes: pros vs joes
(13:48 / All) sc2no.wc4yes: tryhards vs diehards
(14:49 / All) Arch.EnEmY: another noob down
(14:52 / All) obliterate: that was cool
(15:05 / All) Arch.EnEmY: yup to rape u
(15:09 / All) sc2no.wc4yes: i can make dk fiends too buddy
(15:11 / All) sc2no.wc4yes: i didnt
(15:13 / All) sc2no.wc4yes: nothing to get mad about
(15:33 / All) obliterate: green thinks hes pro with a siege engine
(15:42 / All) sc2no.wc4yes: siege engines raped us moron
(15:48 / All) obliterate: 4v4 is a joke lol i made flying machines
(15:52 / All) obliterate: get over it
(16:01 / Allies) ghostgoblin21: yellow u sucvjk
(16:10 / All) sc2no.wc4yes: my team was playing an RPG
(16:15 / All) sc2no.wc4yes: yours was playing an rts
(16:17 / All) sc2no.wc4yes: pros vs joes
(16:29 / All) NasTyNate420: u didn't do shit either
(16:32 / All) NasTyNate420: right
(16:35 / All) NasTyNate420: u aware
(17:10 / All) Arch.EnEmY: korean player
(17:16 / All) Arch.EnEmY: as i said
(17:28 / All) Arch.EnEmY: yellow has nolife
(18:10 / All) Arch.EnEmY: that y i loves owning nolife player like him
(18:18 / Allies) ghostgoblin21: we r gunna win
(19:47 / Allies) ghostgoblin21: we can win u know
(20:40 / Allies) ghostgoblin21: lets win guys
(21:11 / Allies) sc2no.wc4yes: dont right click my hero
(21:12 / Allies) sc2no.wc4yes: rofl
(21:22 / Allies) sc2no.wc4yes: you will get raped
(21:26 / Allies) sc2no.wc4yes: if you go in like that
(21:28 / Allies) sc2no.wc4yes: we cant win a straight up fight
(21:30 / Allies) Littleguy: easier to build and
(21:30 / Allies) sc2no.wc4yes: got to hit and run
(21:56 / Allies) ghostgoblin21: gettin grunts
(22:47 / Allies) ghostgoblin21: kill him yellow
(23:06 / Allies) sc2no.wc4yes: you guys get mortars
(23:15 / Allies) ghostgoblin21: k
(23:16 / Allies) sc2no.wc4yes: anmd blood lust
(23:17 / Allies) sc2no.wc4yes: expo
(23:19 / Allies) sc2no.wc4yes: get 100 food
(23:22 / Allies) sc2no.wc4yes: not orc siege
(23:24 / Allies) sc2no.wc4yes: orc siege no good
(23:33 / Allies) ghostgoblin21: what should i get
(23:37 / Allies) ghostgoblin21: demo
(23:38 / Allies) sc2no.wc4yes: blood lust and tauren
(23:42 / Allies) ghostgoblin21: k
(24:57 / Allies) ghostgoblin21: dammmmmmmmmmm
(25:41 / Allies) sc2no.wc4yes: WOOD PLS
(26:58 / Allies) sc2no.wc4yes: look at this guy
(26:58 / Allies) sc2no.wc4yes: rofl
(27:41 / Allies) sc2no.wc4yes: need wood bad
(28:43 / Allies) ghostgoblin21: kill him yellow
(31:37 / Allies) ghostgoblin21: i think we won
(32:41 / All) ghostgoblin21: ahahahaha
(32:44 / All) ghostgoblin21: bitches
(32:55 / All) sc2no.wc4yes: u guys havent said anyrthing in a awhile
(35:35 / Allies) ghostgoblin21: we win
(35:45 / Allies) sc2no.wc4yes: any spare res?
(35:54 / Allies) sc2no.wc4yes: mainly its wood i need
(36:25 / Allies) ghostgoblin21: its all i got
(36:41 / Allies) ghostgoblin21: need to kill red
(37:24 / All) sc2no.wc4yes: where's the shit talk?
(37:31 / All) sc2no.wc4yes: did your enter keys break?
(37:35 / All) NasTyNate420: building destroying boring
(37:36 / All) ghostgoblin21: u guys suckkkkkkkkkkkkkk
(37:41 / All) sc2no.wc4yes: is winning boring?
(37:43 / All) sc2no.wc4yes: dumb noobs
(37:45 / All) sc2no.wc4yes: the exits that way
(37:52 / Allies) Littleguy: i mean yellow
(37:56 / Allies) ghostgoblin21: need wood
(38:06 / All) NasTyNate420: winning so much fun
(39:15 / Allies) Littleguy: 50 more gold plz
(39:22 / Allies) sc2no.wc4yes: its ok we won
(39:24 / Allies) sc2no.wc4yes: dont need you to rebuild
(39:38 / Allies) Littleguy: noo they found my peons
(40:02 / All) sc2no.wc4yes: if you guys guess my gold
(40:06 / All) sc2no.wc4yes: to the nearest thousand
(40:07 / All) sc2no.wc4yes: ill leave
(40:11 / All) sc2no.wc4yes: u have one guess as a team
(40:17 / All) NasTyNate420: 6k
(40:25 / All) sc2no.wc4yes: nope
(43:47 / All) sc2no.wc4yes: lol?
(45:25 / Allies) ghostgoblin21: lets kill red
(45:39 / Allies) ghostgoblin21: y u doin that
(47:51 / Allies) ghostgoblin21: im not leavin til we win
(47:57 / Allies) sc2no.wc4yes: what if we lose
(48:01 / Allies) ghostgoblin21: how
(48:02 / Allies) sc2no.wc4yes: lets meet up
(48:04 / Allies) sc2no.wc4yes: and fight them
(48:05 / Allies) sc2no.wc4yes: i need blood lust
(48:10 / Allies) ghostgoblin21: u killed my guys
(48:11 / Allies) sc2no.wc4yes: meet
(48:19 / Allies) sc2no.wc4yes: ill kill them again if u dont work with me
(48:21 / Allies) sc2no.wc4yes: come on lets go
(48:26 / Allies) sc2no.wc4yes: come follow me
(48:27 / Allies) ghostgoblin21: get over here
(48:29 / Allies) sc2no.wc4yes: need lust
(48:31 / Allies) sc2no.wc4yes: folow me
(48:35 / Allies) ghostgoblin21: cumin
(50:06 / Allies) sc2no.wc4yes: gold pls
(50:23 / Allies) ghostgoblin21: hold up
(50:41 / Allies) sc2no.wc4yes: elts go
(50:42 / Allies) sc2no.wc4yes: need lust
(51:32 / All) sc2no.wc4yes: wheres the shit talk?
(51:40 / All) sc2no.wc4yes: dumb noobs
(51:42 / All) sc2no.wc4yes: easy owned
(51:51 / All) ghostgoblin21: suckassssssssssssss
(52:47 / All) sc2no.wc4yes: can u guys pls kill something
(52:52 / All) sc2no.wc4yes: im losing tons of gold to upkeep
(54:04 / All) sc2no.wc4yes: raped
(54:07 / All) sc2no.wc4yes: wheres the shit talk?
(54:16 / Allies) ghostgoblin21: cum here for lust
(54:24 / All) NasTyNate420: he left like 8 hours ago
(54:37 / All) sc2no.wc4yes: all of you noobs were shit talking
(54:43 / All) sc2no.wc4yes: my screen was a wall of text
(55:05 / Allies) ghostgoblin21: want lust
(56:11 / All) NasTyNate420: gg
(56:14 / All) sc2no.wc4yes: too easy
(56:30 / All) ghostgoblin21: thwey suckkkkkkkkk